 Dungeon Sprint DCSS version 0.30.1-5-ged363bc7ee (webtiles) character file.

Game seed: 3519605325755074359

12 Heoruswealwe the Thaumaturge (level 5, 28/28 HPs)
             Began as a Deep Elf Conjurer on Sept 19, 2023.
             Was an Initiate of Gozag.
             Got out of the dungeon alive.
             The game lasted 00:04:34 (164 turns).

Heoruswealwe the Thaumaturge (Deep Elf Conjurer)     Turns: 164, Time: 00:04:35

Health: 28/28      AC:  2    Str:  4    XL:     5   Next: 47%
Magic:  19/20      EV: 12    Int: 25    God:    Gozag
Gold:   319        SH:  0    Dex: 13    Spells: 11/25 levels left

rFire   . . .        (no weapon)
rCold   . . .        (no shield)
rNeg    . . .        a - +0 robe
rPois   .            (no helmet)
rElec   .            (no cloak)
rCorr   .            (no gloves)
SInv    .            (no boots)
Will    .....        (no amulet)
Stlth   ++           (no ring)
HPRegen 0.24/turn    (no ring)
MPRegen 0.17/turn

%: no teleportation
@: no status effects
A: no striking features
a: Renounce Religion, Potion Petition, Call Merchant, Bribe Branch


You escaped.
You worshipped Gozag.
Gozag was aware of your devotion.
You visited 1 branch You collected 544 gold pieces.
You spent 225 gold pieces at shops.

Inventory:

Armour
 a - a +0 robe (worn)
Jewellery
 r - the amulet of Iryac {Regen+ Stlth+}
   (You bought it in a shop in the Dungeon)

   [amulet of regeneration]

   Regen:     It increases your rate of health regeneration.
   Stlth:     It makes you more stealthy.
 s - the amulet of the Shrike {Spirit rPois MP+9 Int+4 Dex-5}
   (You bought it in a shop in the Dungeon)

   [amulet of guardian spirit]

   It causes incoming damage to be divided between your reserves of health and
   magic.
   Int:       It affects your intelligence (+4).
   Dex:       It affects your dexterity (-5).
   rPois:     It protects you from poison.
   MP:        It affects your magic capacity (+9).
 v - the amulet "Bicama" {Acrobat Int+3 Dex+3}
   (You bought it in a shop in the Dungeon)

   [amulet of the acrobat]

   It increases your evasion while moving and waiting.
   Int:       It affects your intelligence (+3).
   Dex:       It affects your dexterity (+3).
Wands
 i - a wand of light (4)
Scrolls
 g - 4 scrolls of blinking
 k - 3 scrolls of fog
Potions
 b - 3 potions of magic
 d - 4 potions of heal wounds
 e - 4 potions of haste
 f - a potion of berserk rage
 h - 2 potions of resistance


   Skills:
 - Level 2.4 Dodging
 - Level 2.4 Stealth
 + Level 10.9 Spellcasting
 + Level 9.9 Conjurations


You had 11 spell levels left.
You knew the following spells:

 Your Spells              Type           Power      Damage    Failure   Level
a - Magic Dart            Conj           100%       1d8       1%          1
b - Searing Ray           Conj           100%       2d8       1%          2
c - Dazzling Flash        Conj/Hex       76%        N/A       1%          3
d - Fulminant Prism       Conj/Hex       19%        3d10      6%          4
e - Iskenderun's Mystic   Conj/Tloc      38%        2d9       6%          4

Your spell library contained the following spells:

 Spells                   Type           Power      Damage    Failure   Level


Dungeon Overview and Level Annotations

Branches:
Dungeon (1/1)

Altars:
Cheibriados
Dithmenos
Fedhas
Gozag
Kikubaaqudgha
Makhleb
Okawaru
Qazlal
Ru
Sif Muna
Trog
Uskayaw
Vehumet
Wu Jian
Xom
Yredelemnul
Zin
The Shining One
Lugonu

Shops:
D *[??*?*:[((!!!!


Message History

You start memorising the spell.
You continue memorising. x3
You finish memorising.
Spell assigned to 'c'.
Okay, then.
The magic dart hits the orc!
You kill the orc!
You now have 544 gold pieces (gained 63).
You see here a +0 club.
q - a +0 club This spell is quite dangerous to cast!
Memorise Fulminant Prism, consuming 4 spell levels and leaving 15?
You start memorising the spell.
You continue memorising. x4
You finish memorising.
Spell assigned to 'd'.
This spell is quite dangerous to cast!
Memorise Iskenderun's Mystic Blast, consuming 4 spell levels and leaving 11?
You start memorising the spell.
You continue memorising. x4
You finish memorising.
Spell assigned to 'e'.
There is an entrance to Tuseff's Jewellery here.
There are no items here.
r - the amulet of Iryac {Regen+ Stlth+}
s - the amulet of the Shrike {Spirit rPois MP+9 Int+4 Dex-5}
t - the amulet "Yciceh Qofak" {Reflect Str+4 SH+5} You no longer have enough gold to petition Gozag for potion effects.
u - the amulet "Banemm" {Acrobat Contam rCorr Dex+3}
v - the amulet "Bicama" {Acrobat Int+3 Dex+3} Thank you for shopping at Tuseff's Jewellery!
You drop a +0 morningstar.
You drop a +0 chain mail.
You drop a +0 whip.
You drop 3 stones.
You drop a +0 club.
You drop a +0 scythe.
You drop a +0 robe.
You drop a +0 club.
You drop the amulet "Yciceh Qofak" {Reflect Str+4 SH+5}.
You drop the amulet "Banemm" {Acrobat Contam rCorr Dex+3}.
There is a staircase leading out of the dungeon here.
Are you sure you want to leave the Dungeon?
This will make you lose the game!
Alright, then stay!
Are you sure you want to leave the Dungeon?
This will make you lose the game!
You have escaped!

#_......._# ###.........###
#⌠...........⌠#
######.8.........8.######
##"._.......###......___∩##
###∩........8.# #.8........∩###
##.............###.............##
#⌠..........###...###..........⌠#
#⌠..........# #.@.# #..........⌠#
#⌠..........###...###..........⌠#
##.............###.............##
###∩........8.# #.8........∩###
##∩_._......###......_._∩##
######.8.........8.######
#⌠...........⌠# ###.........###
#_......._#


There were no monsters in sight!

Vanquished Creatures
  Sigmund (D)
  Terence (D)
  An orc (D)
  A bat (D)
  A goblin (D)
  A kobold (D)
6 creatures vanquished.

Notes
Turn   | Place    | Note
-------+----------+-------------------------------------------
     0 | D        | Heoruswealwe the Deep Elf Conjurer began the quest for the
                  | Orb.
     0 | D        | Reached XP level 1. HP: 10/10 MP: 6/6
     0 | D        | Found a snail-covered altar of Cheibriados.
     0 | D        | Found a glowing golden altar of the Shining One.
     4 | D        | Found a shimmering altar of Xom.
     5 | D        | Found a shimmering blue altar of Sif Muna.
     5 | D        | Found a stormy altar of Qazlal.
     5 | D        | Round 1.
     6 | D        | Found a corrupted altar of Lugonu.
     6 | D        | Found a bloodstained altar of Trog.
     6 | D        | Found Zuatugo's Premium Goods.
     6 | D        | Found Yvoocar's Weapon Rack.
     7 | D        | Found Febar's Miscellaneous Merchandise.
     7 | D        | Found Daurebomp's Basic Armour.
     9 | D        | Found a burning altar of Makhleb.
    10 | D        | Found Xuguma Vulu's Identification Station.
    10 | D        | Found a shadowy altar of Dithmenos.
    11 | D        | Found Zuud's Advanced Armour.
    11 | D        | Found Tuseff's Jewellery.
    14 | D        | Found a blossoming altar of Fedhas.
    15 | D        | Found a glowing silver altar of Zin.
    17 | D        | Found an iron altar of Okawaru.
    17 | D        | Found an opulent altar of Gozag.
    18 | D        | Found an ancient bone altar of Kikubaaqudgha.
    18 | D        | Found an ornate altar of the Wu Jian Council.
    18 | D        | Found Ypogh's Magic Scroll Shop.
    18 | D        | Found Xaoghiwo's Staff Store.
    19 | D        | Found Pyent's Magic Scroll Shop.
    19 | D        | Found Dauts's Must-Have Magic.
    21 | D        | Found a basalt altar of Yredelemnul.
    25 | D        | Became a worshipper of Gozag Ym Sagoz the Greedy
    30 | D        | Reached skill level 4 in Spellcasting
    45 | D        | Found a hide-covered altar of Uskayaw.
    46 | D        | Found Irivoan's Distillery.
    47 | D        | Found Pefel's Distillery.
    47 | D        | Found Xanit's Bottled Wisdom.
    48 | D        | Found a radiant altar of Vehumet.
    48 | D        | Found a sacrificial altar of Ru.
    48 | D        | Found Yplalaj's Do-It-Yourself Clinic.
    65 | D        | Reached skill level 5 in Conjurations
    69 | D        | Noticed Terence
    75 | D        | Noticed Sigmund
    80 | D        | Killed Sigmund
    81 | D        | Reached skill level 10 in Spellcasting
    81 | D        | Reached XP level 2. HP: 15/15 MP: 6/15
    81 | D        | Reached XP level 3. HP: 19/19 MP: 6/16
    81 | D        | Reached XP level 4. HP: 24/24 MP: 6/18
    81 | D        | Reached XP level 5. HP: 28/28 MP: 6/19
    88 | D        | Killed Terence
    88 | D        | Arena points: 12 (+12) [x2]
   117 | D        | Learned a level 2 spell: Searing Ray
   117 | D        | Round 2.
   121 | D        | Learned a level 3 spell: Dazzling Flash
   134 | D        | Learned a level 4 spell: Fulminant Prism
   139 | D        | Learned a level 4 spell: Iskenderun's Mystic Blast
   141 | D        | Bought a coiled crystal amulet for 45 gold pieces
   141 | D        | Identified the amulet of Iryac {Regen+ Stlth+} (You bought
                  | it in a shop in the Dungeon)
   141 | D        | Bought a brightly glowing jade amulet for 45 gold pieces
   141 | D        | Identified the amulet of the Shrike {Spirit rPois MP+9
                  | Int+4 Dex-5} (You bought it in a shop in the Dungeon)
   141 | D        | Bought a wavering tin amulet for 45 gold pieces
   141 | D        | Identified the amulet "Yciceh Qofak" {Reflect Str+4 SH+5}
                  | (You bought it in a shop in the Dungeon)
   141 | D        | Bought a bound graven amulet for 45 gold pieces
   141 | D        | Identified the amulet "Banemm" {Acrobat Contam rCorr Dex+3}
                  | (You bought it in a shop in the Dungeon)
   141 | D        | Bought a shimmering jade amulet for 45 gold pieces
   141 | D        | Identified the amulet "Bicama" {Acrobat Int+3 Dex+3} (You
                  | bought it in a shop in the Dungeon)
   164 | D        | Got out of the dungeon alive.

Illustrated notes

Levels and vault maps discovered:
D:        arena_sprint

Skill      XL: |  1 |
---------------+----+-----
Spellcasting   | 10 | 10.9
Conjurations   | 9 |  9.9
Dodging        | |  2.4
Stealth        | |  2.4

Action                     |  1- 3 |  4- 6 || total
---------------------------+-------+-------++-------
   Cast: Magic Dart        |     4 |     1 ||     5
  Evoke: Wand              |     3 |     3 ||     6
    Use: Potion            |     1 |       ||     1
  Dodge: Dodged            |     1 |       ||     1
